Map: Sludge City

Players

Dragneel

  • Race: Protoss Protoss
  • Spawn Location: 5:00

xPhuc

  • Race: Protoss Protoss
  • Spawn Location: 5:00

Hindulaatti - Winner!

  • Race: Protoss Protoss
  • League: Diamond
  • Spawn Location: 11:00

JohnMcClane - Winner!

  • Race: Terran Terran
  • League: Silver
  • Spawn Location: 9:00

VOD

Have the link to the VOD?

Description

Time

  • Played on: Jan. 13, 2016, 12:21 p.m.
  • Length: 7:57
Show
View Real Time Build Order
Export as new Build Order

Dragneel Protoss 

Build Orders:  

Get SALT Encoding   

  12  0:01  Probe (Chrono Boost)  
  13  0:11  Probe (Chrono Boost)  
  14  0:21  Pylon  
  14  0:25  Probe (Chrono Boost)  
  15  0:39  Probe (Chrono Boost)  
  15  0:40  Assimilator  
  16  0:49  Gateway  
  16  1:10  Pylon  
  16  1:40  Cybernetics Core  
  16  1:42  Probe (Chrono Boost)  
  17  1:53  Probe (Chrono Boost)  
  18  1:55  Nexus  
  18  2:05  Gateway  
  18  2:07  Zealot  
  20  2:16  Warp Gate (Chrono Boost)  
  20  2:18  Assimilator  
  20  2:21  Probe  
  21  2:40  Pylon  
  21  2:43  Robotics Facility  
  21  2:50  Pylon  
  21  2:53  Probe  
  22  3:02  Stalker  
  25  3:05  Probe  
  25  3:15  Probe  
  26  3:20  Probe  
  26  3:22  Assimilator  
  26  3:26  Probe  
  22  4:16  Probe  
  23  4:27  Probe  
  23  4:28  Stalker x2  
  28  4:36  Probe  
  28  4:37  Probe  
  30  4:48  Probe  
  30  4:49  Probe  
  32  4:53  Twilight Council  
  32  4:54  Gateway  
  32  4:56  Gateway  
  32  4:58  Probe  
  33  5:09  Probe  
  29  5:35  Stalker  
  29  5:36  Stalker  
  24  6:05  Stalker x2  
  24  6:27  Stalker x2  
  24  6:43  Stalker x2  
  26  7:11  Stalker  
  24  7:39  Pylon  
  24  7:41  Stalker x2  
Show
View Real Time Build Order
Export as new Build Order

xPhuc Protoss 

Build Orders:  

Get SALT Encoding   

  12  0:02  Probe (Chrono Boost)  
  13  0:12  Probe (Chrono Boost)  
  14  0:23  Pylon  
  14  0:29  Probe (Chrono Boost)  
  15  0:41  Gateway  
  15  0:49  Pylon  
  15  0:52  Assimilator  
  15  0:55  Assimilator  
  15  0:59  Probe (Chrono Boost)  
  16  1:20  Probe (Chrono Boost)  
  17  1:31  Cybernetics Core  
  17  1:46  Probe (Chrono Boost)  
  18  1:53  Zealot  
  20  1:56  Probe (Chrono Boost)  
  21  2:07  Probe (Chrono Boost)  
  22  2:19  Nexus  
  22  2:31  Stalker  
  24  2:48  Warp Gate (Chrono Boost)  
  24  2:52  Gateway  
  24  2:58  Twilight Council  
  24  3:04  Probe  
  25  3:16  Probe  
  25  3:19  Stalker  
  27  3:28  Probe  
  25  3:41  Probe  
  26  3:53  Probe  
  26  3:54  Probe  
  28  4:04  Probe  
  28  4:05  Probe  
  30  4:15  Probe  
  29  4:17  Probe  
  32  4:29  Probe  
  32  4:30  Probe  
  34  4:40  Probe  
  34  4:43  Probe  
  34  4:48  Pylon  
  34  4:50  Pylon, Probe  
  35  4:53  Templar Archives  
  35  4:56  Blink  
  33  5:18  Probe  
  34  5:26  Stalker x2  
  38  5:30  Probe  
  39  5:42  Probe  
  36  5:48  Gateway  
  36  5:51  Gateway  
  36  5:53  Stalker  
  36  5:54  Probe, Stalker  
  37  6:06  Probe  
  33  6:13  Probe  
  31  6:18  Probe  
  31  6:24  Probe  
  32  6:30  Probe  
  34  6:34  Probe, Stalker  
  34  6:35  Stalker  
  39  6:42  Probe  
  39  6:45  Probe  
  41  6:51  Stalker x2  
  45  6:55  Probe x2  
  47  7:07  Probe  
  42  7:12  Stalker x2  
  40  7:19  Probe  
  32  7:31  Probe  
  32  7:33  Stalker  
  32  7:34  Stalker  
  35  7:45  Stalker x2  
Show
View Real Time Build Order
Export as new Build Order

Hindulaatti Protoss - Winner!

Build Orders: Nexus First 

Get SALT Encoding   

  12  0:01  Probe (Chrono Boost)  
  13  0:11  Probe (Chrono Boost)  
  14  0:24  Pylon  
  14  0:25  Probe (Chrono Boost)  
  15  0:42  Probe (Chrono Boost)  
  16  0:53  Probe (Chrono Boost)  
  17  1:02  Nexus  
  17  1:08  Probe (Chrono Boost)  
  18  1:18  Gateway  
  18  1:26  Probe (Chrono Boost)  
  19  1:46  Pylon, Probe (Chrono Boost)  
  20  1:54  Assimilator  
  20  1:58  Assimilator  
  20  2:06  Cybernetics Core  
  20  2:13  Probe (Chrono Boost)  
  20  2:14  Probe (Chrono Boost)  
  22  2:27  Pylon  
  22  2:31  Probe x2 (Chrono Boost)  
  24  2:41  Probe x2 (Chrono Boost)  
  24  2:43  Pylon  
  26  2:45  Robotics Facility  
  26  2:48  Warp Gate (Chrono Boost)  
  26  2:50  Probe  
  26  2:52  Probe  
  28  3:00  Assimilator  
  28  3:01  Probe  
  28  3:04  Probe  
  30  3:07  Adept, Gateway  
  30  3:11  Probe  
  32  3:16  Probe  
  34  3:22  Probe  
  34  3:26  Gateway  
  35  3:27  Gateway  
  35  3:28  Probe  
  35  3:32  Probe  
  39  3:34  Adept  
  39  3:41  Probe  
  39  3:43  Warp Prism, Probe  
  43  3:50  Assimilator  
  43  3:57  Adept  
  43  3:58  Probe  
  43  3:59  Probe  
  43  4:02  Adept  
  49  4:16  Adept x2  
  53  4:17  Probe  
  53  4:18  Mothership Core  
  53  4:22  Pylon  
  56  4:25  Warp Prism  
  56  4:27  Probe  
  59  4:38  Probe  
  59  4:39  Probe  
  61  4:49  Adept x2  
  65  4:59  Pylon  
  65  5:00  Pylon  
  65  5:04  Twilight Council  
  65  5:18  Adept x4  
  67  5:45  Zealot x3  
  67  5:46  Zealot  
  67  5:49  Probe  
  75  5:50  Probe  
  75  5:51  Resonating Glaives  
  73  6:01  Probe  
  73  6:04  Stalker x2  
  74  6:05  Stalker  
  74  6:06  Stalker  
  74  6:33  Stalker  
  74  6:34  Stalker  
  74  6:36  Stalker  
  80  6:45  Adept  
  78  6:47  Probe x2  
  78  6:59  Probe  
  78  7:00  Adept  
  78  7:01  Stalker x2  
  71  7:21  Stalker x2  
  71  7:22  Stalker  
  71  7:28  Nexus  
  67  7:45  Stalker x4  
  73  7:54  Assimilator  
Show
View Real Time Build Order
Export as new Build Order

JohnMcClane Terran - Winner!

Build Orders: Reaper Expand 

Get SALT Encoding   

  12  0:01  SCV  
  13  0:13  SCV  
  14  0:21  Supply Depot  
  14  0:25  SCV  
  15  0:41  Refinery  
  15  0:44  Barracks  
  15  0:53  Barracks  
  15  0:58  SCV  
  16  1:18  SCV  
  17  1:33  Reaper  
  18  1:47  Command Center  
  18  1:54  Reaper  
  19  2:03  Orbital Command  
  19  2:20  Supply Depot  
  19  2:21  Bunker  
  19  2:29  Reaper  
  19  2:39  SCV  
  20  2:45  Refinery  
  20  2:50  Supply Depot  
  20  2:55  Reaper  
  21  3:00  Refinery  
  21  3:01  Orbital Command  
  21  3:08  Reaper  
  21  3:11  SCV  
  23  3:15  Engineering Bay  
  23  3:40  SCV x2  
  25  3:52  SCV x2  
  27  4:04  SCV x2  
  29  4:16  SCV x2  
  31  4:20  Factory  
  31  4:21  Factory  
  29  4:28  SCV x2  
  31  4:35  Refinery  
  31  4:36  Missile Turret  
  31  4:39  Terran Infantry Weapons Level 1  
  31  4:40  SCV  
  31  4:44  Barracks Tech Lab  
  32  4:45  Barracks Reactor  
  32  4:46  SCV  
  32  4:51  Supply Depot  
  33  4:53  SCV  
  34  5:11  SCV x2  
  34  5:23  SCV x2  
  36  5:30  Factory Reactor, Factory Tech Lab  
  36  5:32  Starport  
  36  5:35  SCV x2  
  38  5:38  Command Center  
  38  5:39  Stimpack  
  38  5:40  Marine x2  
  38  5:41  Marauder  
  41  5:45  Barracks  
  41  5:47  SCV x2  
  43  5:53  Missile Turret  
  43  5:59  SCV x2  
  45  6:11  SCV x2  
  45  6:14  Marauder, Marine x2  
  51  6:22  Infernal Pre-Igniter  
  51  6:25  Hellion x3  
  57  6:26  Missile Turret  
  57  6:36  Barracks  
  57  6:38  Barracks  
  57  6:41  Supply Depot  
  57  6:42  Supply Depot  
  57  6:46  Starport Reactor  
  57  6:49  Hellion x2  
  57  6:50  Hellion  
  63  6:57  Command Center  
  63  7:04  Engineering Bay  
  63  7:06  Marine, Armory  
  63  7:07  Marauder, Marine  
  67  7:40  SCV x2  
  69  7:50  Sensor Tower  
  69  7:55  Sensor Tower x2  
Tags
 
Add a new tag
Caveats
  • Supply blocks, unpowered buildings, or Contaminate may cause inaccurate times.
  • Supply counts are checked every 10 seconds.